AoeStats
← flynorc

Four Lakes

507765848Analyzed
1v1 RM · 12d ago on Sep 19, 2026· 17m 34s· 2 players
Game mode
Random Map
Map size
Tiny (2 player)
Population
200
Speed
Normal
Resources
Standard
Victory
Conquest
Starting age
Dark Age
Ending age
Imperial Age
RankedLock teamsTeams togetherTeam positionsShared explorationLock speedFull tech treeHidden civsTurbo modeCheats
Victory
Defeat
🇦🇹 Italians · Austria
1569
+13
🇬🇧 Japanese · United Kingdom
1512
-13
LuG_
7:24 Loom
9:55 Feudal Age
10:28 Double-Bit Axe
10:37 Man-at-Arms
11:24 Fishing Lines
13:43 Wheelbarrow
15:31 Fletching
16:54 Forging
flynorc
5:32 Loom
10:58 Feudal Age
16:23 Castle Age
15:23 Fletching
17:18 Bodkin Arrow
Connection lost

Rejoining the realm…

Still unreachable

The connection could not be restored.

Session expired

The server has moved on; the page needs a fresh start.